 Dungeon Crawl Stone Soup version 0.18-a0-1800-gdc7a371 (webtiles) character file.

76682 M4edhros the Peltast (level 15, -2/97 HPs)
             Began as an Octopode Artificer on Apr 24, 2016.
             Was an Initiate of Gozag.
             Slain by a six-headed hydra (12 damage)
             ... on level 14 of the Dungeon on Apr 25, 2016.
             The game lasted 01:58:06 (24446 turns).

M4edhros the Peltast (Octopode Artificer)          Turns: 24446, Time: 01:58:07

Health: -2/97      AC:  7    Str: 21    XL:     15   Next: 54%
Magic:  26/26      EV: 20    Int: 21    God:    Gozag
Gold:   2789       SH: 28    Dex: 18    Spells: 4 memorised, 5 levels left

rFire  + + .     SeeInvis .     G - +8 eveningstar (drain)
rCold  + + .     Gourm    .     Q - +8 large shield {reflect}
rNeg   . . .     Faith    .     (helmet restricted)
rPois  .         Spirit   .     I - amulet of Qisur {rF+ MR- Regen+ Int+7}
rElec  .         Dismiss  .     x - ring of protection from magic
rCorr  .         Reflect  +     M - +4 ring of strength
SustAt .         Harm     .     X - ring of magical power
MR     +++..                    y - ring of protection from cold
Stlth  ++++++++..               V - ring of protection from magic
                                T - +5 ring of strength
                                s - ring of protection from cold
                                v - ring of stealth

@: drained, extremely resistant to hostile enchantments, extraordinarily
stealthy
A: almost no armour, amphibious, 8 rings, constrict 8, iridescent scales 1, thin
metallic scales 1, camouflage 1, blink, fire resistance 1, magic resistance 1,
gelatinous body 1, MP-powered wands
a: Blink, Potion Petition, Call Merchant, Bribe Branch, Renounce Religion


You were on level 14 of the Dungeon.
You worshipped Gozag.
Gozag was noncommittal.
You were not hungry.

You visited 2 branches of the dungeon, and saw 22 of its levels.
You also visited: Labyrinth and Ice Cave.

You collected 8211 gold pieces.
You spent 736 gold pieces at shops.
You paid 4686 gold pieces to Gozag.

Inventory:

Hand Weapons
 o - the +6 hunting sling "Asoistug" {venom, rPois Dex+2}
   (You bought it in a shop on level 6 of the Dungeon)

   It poisons the ammo it fires.
   It affects your dexterity (+2).
   It protects you from poison.
 w - a +0 blowgun
 G - a +8 eveningstar of draining (weapon)
 K - the +11 spear of Maamer {antimagic, rElec rF+ MR+}
   (You found it on level 14 of the Dungeon)

   It disrupts the flow of magical energy around spellcasters and certain
   magical creatures (including the wielder).
   It protects you from fire.
   It insulates you from electricity.
   It affects your resistance to hostile enchantments.
Missiles
 e - 211 stones (quivered)
 q - 213 sling bullets
 r - a throwing net
 P - 3 curare-tipped needles
Armour
 Q - a +8 large shield of reflection (worn)
Jewellery
 s - a ring of protection from cold (on tentacle)
 v - a ring of stealth (on tentacle)
 x - a ring of protection from magic (left tentacle)
 y - a ring of protection from cold (on tentacle)
 I - the amulet of Qisur (around mantle) {rF+ MR- Regen+ Int+7}
   (You found it in a labyrinth)

   [amulet of regeneration]

   It affects your intelligence (+7).
   It protects you from fire.
   It affects your resistance to hostile enchantments.
   It increases your rate of regeneration.
 M - a +4 ring of strength (right tentacle)
 T - a +5 ring of strength (on tentacle)
 V - a ring of protection from magic (on tentacle)
 X - a ring of magical power (on tentacle)
Wands
 b - a wand of teleportation (2/9)
 c - a wand of enslavement (7/24)
 A - a wand of iceblast (7/15)
 F - a wand of disintegration (12/24)
 Y - a wand of digging (20/24)
Scrolls
 d - 2 scrolls of fog
 i - 4 scrolls of blinking
 k - a scroll of immolation
 l - 2 scrolls of vulnerability
 z - 2 scrolls of recharging
 H - 5 scrolls of teleportation
 O - 2 scrolls of fear
Potions
 j - a potion of cancellation
 m - a potion of ambrosia
 p - 3 potions of agility
 t - 4 potions of invisibility
 u - 3 potions of haste
 B - 4 potions of might
 C - 5 potions of curing
 D - 13 potions of degeneration
 L - 3 potions of lignification
 R - a potion of berserk rage
 S - 3 potions of magic
 U - 3 potions of heal wounds
Books
 E - a book of Battle

   Spells                             Type                      Level
   a - Infusion                       Charms                       1
   b - Shroud of Golubria             Charms/Translocation         2
   c - Song of Slaying                Charms                       2
   d - Spectral Weapon                Hexes/Charms                 3
   e - Regeneration                   Charms/Necromancy            3
Miscellaneous
 a - a fan of gales (inert)
 h - a box of beasts
Comestibles
 f - 4 bread rations
 g - 4 royal jellies
 n - 4 slices of pizza
 J - 37 fruits
 N - 6 beef jerkies
 W - a meat ration


   Skills:
 - Level 7.0(6.5) Fighting
   Level 1.0(0.6) Short Blades
 + Level 1.0(0.6) Maces & Flails
 - Level 14.1(13.5) Slings
 - Level 13.0(12.5) Dodging
 - Level 12.1(11.5) Stealth
 + Level 15.0(14.4) Shields
 + Level 0.6(0.3) Spellcasting
 + Level 0.4(0.0) Charms
 + Level 0.6(0.2) Necromancy
 - Level 3.2(2.8) Evocations


You had 5 spell levels left.
You knew the following spells:

 Your Spells              Type           Power        Failure   Level  Hunger
a - Mephitic Cloud        Conj/Pois/Air  #.......     99%         3    ####...
b - Regeneration          Chrm/Necr      #.........   99%         3    ####...
c - Animate Skeleton      Necr           N/A          73%         1    ##.....
d - Ignite Poison         Fire/Trmt/Pois #.......     99%         3    ####...


Dungeon Overview and Level Annotations

Branches:
Dungeon (14/15)            Temple (0/1) D:6            Lair (8/8) D:9
  Swamp (0/4) Lair:6        Snake (0/4) Lair:5        Slime (0/6) Lair:6
    Orc (0/2) D:12         Vaults (0/5) D:13

Altars:
Ashenzari
Cheibriados
Fedhas
Gozag
Makhleb
Nemelex Xobeh
Pakellas
Qazlal
Ru
Trog
Vehumet
Zin
Jiyva

Shops:
D:6 (   D:7 ?   D:9 *   Lair:4 [[*


Innate Abilities, Weirdness & Mutations

You cannot wear most types of armour.
You are amphibious.
You can wear up to eight rings at the same time.
You can use your tentacles to constrict eight enemies at once.
Your skin changes colour to match your surroundings (Stealth).
Your rubbery body absorbs attacks (AC +1).
You are partially covered in iridescent scales (AC +4).
You are partially covered in thin metallic scales (AC +2).
You can translocate small distances at will.
Your flesh is heat resistant.
You are resistant to hostile enchantments.
You expend magic power (3 MP) to strengthen your wands.


Message History

The six-headed hydra bites you!
You puncture the six-headed hydra!
The six-headed hydra is severely wounded.
You block the six-headed hydra's attack. x2
The six-headed hydra closely misses you.
The six-headed hydra bites you! x2
You block the six-headed hydra's attack.
The six-headed hydra bites you! x2
* * * LOW HITPOINT WARNING * * *
The six-headed hydra bites you!
* * * LOW HITPOINT WARNING * * *
You block the six-headed hydra's attack.
The six-headed hydra misses you. The six-headed hydra barely misses you.
You are too injured to fight recklessly!
You sock the six-headed hydra!
The six-headed hydra is severely wounded.
You block the six-headed hydra's attack. x3
The six-headed hydra bites you!
You die...
Your body crumbles into a pile of gold.

#####
#..<#
+...+
#...#
#..@#
#.....D#
#......#
#......#
########


You could see a six-headed hydra.

Vanquished Creatures
  A frost giant (IceCv)
  Josephine (Lair:5)
  A minotaur (Lab)
  5 vault guards (D:13)
  3 hydras
  A catoblepas (Lair:4)
  An ogre mage (D:13)
  A centaur warrior (D:13)
  4 death yaks (Lair:4)
  6 black mambas
  2 hill giants
  An oklob plant (Lair:8)
  An ugly thing (D:13)
  A griffon (Lair:8)
  A wizard (D:13)
  9 elephants (Lair:7)
  2 ice statues
  2 gargoyles
  12 spiny frogs
  6 komodo dragons
  An efreet (D:13)
  A yaktaur (D:13)
  A kobold demonologist (D:12)
  3 rime drakes
  A spriggan druid (Lair:8)
  A tengu conjurer (D:13)
  4 trolls
  21 polar bears
  A queen bee (Lair:7)
  A boulder beetle (Lair:8)
  6 slime creatures (D:10)
  4 blink frogs
  5 redbacks (Lair:8)
  8 spriggans (Lair:8)
  2 wyverns
  4 wraiths
  Eustachio (D:4)
  72 yaks
  A steam dragon (Lair:5)
  A hungry ghost (D:13)
  5 basilisks
  9 hippogriffs
  3 vampire mosquitoes (Lair:6)
  A harpy simulacrum (D:12)
  A mottled dragon (D:10)
  16 water moccasins
  Duvessa (D:6)
  A swamp drake (D:12)
  4 sky beasts
  11 porcupines
  5 black bears
  4 orc warriors
  10 ice beasts
  A phantom (D:6)
  8 ogres
  6 wasps
  61 wolves
  4 centaurs
  15 crocodiles
  6 big kobolds
  Blork the orc (D:4)
  26 giant frogs
  Dowan (D:6)
  6 scorpions
  23 killer bees
  2 electric eels (Lair:8)
  4 howler monkeys
  3 crimson imps
  3 giant frog zombies
  4 centaur zombies
  5 jellies
  2 quasits
  8 orc priests
  6 hounds
  3 centaur skeletons
  A giant frog skeleton (D:8)
  Jessica (D:3)
  13 iguanas
  Terence (D:2)
  12 orc wizards
  15 worker ants
  7 hell rats
  18 sheep
  A hound zombie (D:6)
  2 hound skeletons
  Robin (D:4)
  2 howler monkey skeletons
  58 river rats
  14 adders
  3 shadow imps
  2 oozes
  2 adder skeletons
  4 worms
  2 dart slugs
  4 giant geckos
  48 orcs
  4 giant cockroaches
  11 hobgoblins
  6 jackals
  8 quokkas
  7 bats
  2 giant gecko skeletons
  3 giant newts
  16 goblins
  A jackal skeleton (D:8)
  19 kobolds
  A quokka zombie (D:6)
  7 rats
  A fungus (Lair:8)
  4 plants
770 creatures vanquished.

Vanquished Creatures (collateral kills)
  Maud (D:13)
  A death yak (Lair:4)
  A centaur zombie (D:13)
  A black mamba (Lair:1)
  A polar bear (IceCv)
  2 yaks (IceCv)
  A wolf (IceCv)
  A jelly (D:13)
9 creatures vanquished.

Vanquished Creatures (others)
  A deep elf archer (D:13)
  4 polar bears (IceCv)
  3 yaks (IceCv)
  A water moccasin (Lair:8)
  A wolf (IceCv)
  An orc priest (D:6)
  A river rat (Lair:8)
  2 bushes
  23 fungi
  31 plants
68 creatures vanquished.

Grand Total: 847 creatures vanquished

Notes
Turn   | Place    | Note
--------------------------------------------------------------
     0 | D:1      | M4edhros the Octopode Artificer began the quest for the Orb.
     0 | D:1      | Reached XP level 1. HP: 13/13 MP: 3/3
   135 | D:1      | Found a shattered altar of Ashenzari.
   154 | D:1      | Reached XP level 2. HP: 4/18 MP: 4/4
   672 | D:1      | Reached XP level 3. HP: 15/23 MP: 5/5
   902 | D:2      | Noticed Terence
   910 | D:2      | Gained mutation: Scrolls take you a little longer to read. [potion of mutation]
   910 | D:2      | Gained mutation: You tend to lose your temper in combat. [potion of mutation]
   910 | D:2      | Gained mutation: Your magical capacity is low (-10% MP). [potion of mutation]
   913 | D:2      | Killed Terence
   913 | D:2      | Reached skill level 5 in Stealth
  1014 | D:2      | Reached XP level 4. HP: 23/28 MP: 5/5
  1096 | D:2      | Found an opulent altar of Gozag.
  1119 | D:2      | Became a worshipper of Gozag Ym Sagoz the Greedy
  1878 | D:3      | Noticed Jessica
  1889 | D:3      | Killed Jessica
  2176 | D:3      | Reached XP level 5. HP: 30/33 MP: 6/6
  2788 | D:4      | Reached XP level 6. HP: 38/38 MP: 7/7
  2883 | D:4      | Noticed Eustachio
  2895 | D:4      | Killed Eustachio
  3328 | D:4      | Noticed Robin
  3331 | D:4      | Reached skill level 10 in Stealth
  3334 | D:4      | Reached XP level 7. HP: 39/43 MP: 8/8
  3338 | D:4      | Killed Robin
  3341 | D:4      | Noticed Blork the orc
  3351 | D:4      | Killed Blork the orc
  3595 | D:5      | Entered Level 5 of the Dungeon
  3927 | D:5      | Lost mutation: Your magical capacity is low (-10% MP). [potion of cure mutation]
  3927 | D:5      | Lost mutation: You tend to lose your temper in combat. [potion of cure mutation]
  3927 | D:5      | Lost mutation: Scrolls take you a little longer to read. [potion of cure mutation]
  3931 | D:5      | Gained mutation: You have supernaturally acute eyesight. [potion of mutation]
  3931 | D:5      | Gained mutation: You are resistant to hostile enchantments. [potion of mutation]
  3931 | D:5      | Gained mutation: You expend magic power (3 MP) to strengthen your wands. [potion of mutation]
  4061 | D:5      | Found an oddly glowing altar of Pakellas.
  4151 | D:5      | Reached XP level 8. HP: 45/48 MP: 10/10
  4202 | D:5      | Found a sparkling altar of Nemelex Xobeh.
  4468 | D:6      | Found a radiant altar of Vehumet.
  4537 | D:6      | Found a blossoming altar of Fedhas.
  4966 | D:6      | Bought a translucent hunting sling for 123 gold pieces
  4966 | D:6      | Identified the +6 hunting sling "Asoistug" {venom, rPois Dex+2} (You bought it in a shop on level 6 of the Dungeon)
  5020 | D:6      | Reached skill level 1 in Slings
  5299 | D:6      | Noticed Duvessa
  5299 | D:6      | Noticed Dowan
  5391 | D:6      | Killed Duvessa
  5391 | D:6      | Reached XP level 9. HP: 50/58 MP: 11/11
  5393 | D:6      | Killed Dowan
  5432 | D:6      | Found a staircase to the Ecumenical Temple.
  5552 | D:6      | Reached skill level 5 in Dodging
  5829 | D:6      | Found a sacrificial altar of Ru.
  5906 | D:6      | Bought an ivory quarterstaff for 171 gold pieces
  5906 | D:6      | Identified the cursed +2 quarterstaff "Hodigo" {freeze, -Tele rC++ Int+4} (You bought it in a shop on level 6 of the Dungeon)
  6052 | D:7      | Found a stormy altar of Qazlal.
  6118 | D:7      | Found Jymmazem's Magic Scroll Emporium.
  6193 | D:7      | Reached skill level 5 in Fighting
  6251 | D:7      | Reached skill level 5 in Slings
  7285 | D:8      | Reached XP level 10. HP: 68/68 MP: 12/12
  7433 | D:8      | Found a snail-covered altar of Cheibriados.
  7465 | D:8      | Found a glowing silver altar of Zin.
  7467 | D:8      | Found a bloodstained altar of Trog.
  7754 | D:9      | Got an iridescent mace
  7755 | D:9      | Identified the +6 mace of Drought {drain, MP+9} (You found it on level 9 of the Dungeon)
  8110 | D:9      | Found a staircase to the Lair.
  8416 | D:10     | Entered Level 10 of the Dungeon
  8420 | D:10     | Got a jewelled dagger
  8421 | D:10     | Identified the cursed +1 dagger of the Many Demons {pierce, Int+6} (You found it on level 10 of the Dungeon)
  8428 | D:10     | Found a burning altar of Makhleb.
  8492 | Lair:1   | Entered Level 1 of the Lair of Beasts
  8564 | Lair:1   | Noticed a black mamba
  8573 | Lair:1   | Noticed a black mamba
  8578 | Lair:1   | Killed a black mamba
  8580 | Lair:1   | Gained mutation: Your flesh is heat resistant. [potion of mutation]
  8580 | Lair:1   | Gained mutation: You are partially covered in iridescent scales (AC +4). [potion of mutation]
  8580 | Lair:1   | Lost mutation: You have supernaturally acute eyesight. [potion of mutation]
  8581 | Lair:1   | Gained mutation: You are partially covered in thin metallic scales (AC +2). [potion of mutation]
  8581 | Lair:1   | Gained mutation: You can translocate small distances at will. [potion of mutation]
  8611 | Lair:1   | Killed a black mamba
  8633 | Lair:1   | Reached XP level 11. HP: 23/75 MP: 13/13
  8890 | Lair:1   | Reached skill level 10 in Slings
  9995 | Lair:2   | Got a heavily runed ivory amulet
 10001 | Lair:2   | Identified the amulet of Bofer {Regen+ MP+9} (You found it on level 2 of the Lair of Beasts)
 10721 | Lair:3   | Reached XP level 12. HP: 60/81 MP: 14/14
 10806 | Lair:3   | Found a frozen archway.
 10980 | IceCv    | Entered an ice cave
 11000 | IceCv    | Reached skill level 10 in Dodging
 12082 | IceCv    | Noticed a frost giant
 12253 | IceCv    | Killed a frost giant
 12946 | Lair:3   | Reached XP level 13. HP: 82/86 MP: 15/15
 13260 | Lair:4   | Found a blossoming altar of Fedhas.
 14325 | Lair:4   | Identified the Grimoire of Fetching Confrontation
 14334 | Lair:4   | Learned a level 3 spell: Mephitic Cloud
 14775 | Lair:5   | Found a staircase to the Snake Pit.
 15115 | Lair:4   | Bought a twisted tourmaline ring for 165 gold pieces
 15116 | Lair:4   | Bought a +2 large shield of reflection for 277 gold pieces
 15341 | Lair:5   | Reached skill level 1 in Shields
 15405 | Lair:5   | Noticed Josephine
 15579 | Lair:5   | Reached skill level 2 in Shields
 15826 | Lair:5   | Reached skill level 3 in Shields
 16014 | Lair:5   | Killed Josephine
 16014 | Lair:5   | Reached skill level 4 in Shields
 16114 | Lair:6   | Reached skill level 5 in Shields
 16266 | Lair:6   | Found a staircase to the Swamp.
 16575 | Lair:6   | Found a viscous altar of Jiyva.
 16575 | Lair:6   | Found a staircase to the Slime Pits.
 16653 | Lair:6   | Found a bloodstained altar of Trog.
 16952 | Lair:7   | Reached skill level 6 in Shields
 17018 | Lair:7   | Reached skill level 7 in Shields
 17133 | Lair:7   | Reached XP level 14. HP: 92/92 MP: 16/16
 17290 | Lair:7   | Learned a level 3 spell: Regeneration
 17292 | Lair:7   | Learned a level 1 spell: Animate Skeleton
 17305 | Lair:7   | Reached skill level 8 in Shields
 17576 | Lair:7   | Reached skill level 9 in Shields
 18181 | Lair:8   | Entered Level 8 of the Lair of Beasts
 18247 | Lair:8   | Found a labyrinth entrance.
 18258 | Lab      | Entered a labyrinth
 18523 | Lab      | Got a fine ice dragon armour
 18535 | Lab      | Identified the Handbook of Enchanting Toxins
 18535 | Lab      | Got a pitted steel amulet
 18536 | Lab      | Got a warped morningstar
 18537 | Lab      | Identified the +10 morningstar "Bigh" {drain, MR+ Str-4 Stlth+} (You found it in a labyrinth)
 18620 | Lair:8   | Reached skill level 10 in Shields
 18995 | Lair:8   | Reached skill level 11 in Shields
 19375 | Lair:8   | Identified the amulet of Qisur {rF+ MR- Regen+ Int+7} (You found it in a labyrinth)
 19765 | Lair:8   | Found a glowing silver altar of Zin.
 20017 | Lair:8   | Reached skill level 12 in Shields
 21034 | D:10     | Learned a level 3 spell: Ignite Poison
 21854 | D:11     | Reached skill level 13 in Shields
 22238 | D:12     | Reached XP level 15. HP: 89/97 MP: 17/17
 22919 | D:12     | Found a staircase to the Orcish Mines.
 23214 | D:13     | Reached skill level 14 in Shields
 23548 | D:13     | Found a gate to the Vaults.
 23735 | D:13     | Noticed Maud
 23756 | D:13     | Killed Maud
 24142 | D:14     | Got an ichor-stained spear
 24143 | D:14     | Identified the +11 spear of Maamer {antimagic, rElec rF+ MR+} (You found it on level 14 of the Dungeon)
 24291 | D:13     | Reached skill level 15 in Shields
 24376 | D:13     | Reached skill level 1 in Maces & Flails
 24446 | D:14     | Slain by a six-headed hydra

Vault maps used:
D:1:      shiori_arrival_oz, minmay_crystal_water, ashenzari_altar_1
D:2:      first_bread, nicolae_gozag_seed_capital, uniq_terence
D:3:      uniq_jessica
D:4:      uniq_eustachio, uniq_robin, uniq_blork_the_orc
D:5:      kennysheep_mini_moat, grunt_pakellas_salt, serial_glass,
          glass_columns_b, glass_columns_c
D:6:      marbit_many_paths, old_standard_altar, temple_hall,
          fedhas_bush_and_centaur_altar, uniq_duvessa
D:7:      nicolae_qazlal_style_of_elements, serial_shops, shop
D:8:      minitemple
D:9:      dpeg_lair_monsters
D:10:     basic_altar, blue_anna_alchemist
D:12:     erik_orc_1
D:13:     grunt_vaults_entry_fortified, uniq_maud
Lair:1:   beast_lair_carwin_large_2, guppyfry_lair_drakes
Lair:2:   pond
Lair:3:   portal_ice_cave_entry_ice_beasts, serial_bayou_shore_a
Lair:4:   statuecave_lemuel, basic_altar, lemuel_fruit_fields
Lair:5:   dummy_snake_entry, uniq_josephine
Lair:6:   minmay_swamp_entry_swarm, dpeg_slime_entry_enclosed_altar,
          basic_altar, grunt_megastairs_4
Lair:7:   special_room
Lair:8:   minmay_lair_end_enchanted_forest, lab_entry_generic,
          fungi_pond_lemuel, lemuel_oklob_altar, wad_woods_river_01,
          infiniplex_staircase_pool
Lab:      labyrinth_watery
IceCv:    ice_cave_caverns_03

Skill      XL: |  1  2  3  4  5  6  7  8  9 10 11 12 13 14 15 |
---------------+----------------------------------------------+-----
Stealth        | 3 4 5 6 8 10 12 | 12.1
Fighting       | 4 5 7 |  7.0
Dodging        | 4 6 7 9 11 13 | 13.0
Slings         | 3 6 9 11 14 | 14.1
Shields        | 7 13 15 | 15.0
Maces & Flails | 1 |  1.0
Short Blades   | |  1.0
Spellcasting   | |  0.6
Charms         | |  0.4
Necromancy     | |  0.6
Evocations     | |  3.2

Action                   |  1- 3 |  4- 6 |  7- 9 | 10-12 | 13-15 || total
-------------------------+-------+-------+-------+-------+-------++-------
Melee: Short sword       |    43 |    96 |    88 |       |       ||   227
       Constrict         |     9 |    20 |    17 |    15 |   135 ||   196
       Tentacles         |     5 |    18 |    16 |    32 |   184 ||   255
       Mace              |       |       |       |   102 |   138 ||   240
       Morningstar       |       |       |       |       |   626 ||   626
       Eveningstar       |       |       |       |       |    27 ||    27
 Fire: Hunting sling     |       |       |   191 |   940 |   944 ||  2075
Throw: Stone             |       |       |       |       |     2 ||     2
Invok: Call Merchant     |       |       |     1 |       |     4 ||     5
 Abil: Evoke Berserk Rag |       |       |       |     1 |       ||     1
       Blink             |       |       |       |       |     1 ||     1
Evoke: Wand              |     2 |       |     4 |    10 |     1 ||    17
       Fan of gales      |       |       |       |     1 |     2 ||     3
  Use: Potion            |     1 |       |    10 |     7 |     1 ||    19
       Scroll            |       |       |     9 |    12 |    27 ||    48
 Stab: Sleeping          |    11 |    19 |    14 |     2 |    43 ||    89
       Distracted        |       |     2 |     1 |       |    16 ||    19
       Confused          |       |       |       |       |     3 ||     3
  Eat: Meat ration       |       |     1 |     1 |     1 |     4 ||     7
       Pizza             |       |     1 |       |       |       ||     1
       Beef jerky        |       |       |     2 |     4 |     2 ||     8
       Bread ration      |       |       |     1 |     2 |       ||     3
       Royal jelly       |       |       |       |     1 |     7 ||     8
Armor: Skin              |     2 |     5 |    12 |    71 |   100 ||   190
Dodge: Dodged            |    23 |    46 |    65 |   301 |   570 ||  1005
Block: Large shield      |       |       |       |       |  1257 ||  1257
       Reflection        |       |       |       |       |    10 ||    10
